 Dungeon Crawl Stone Soup version 0.20-a0-681-gf83e07f (webtiles) character file.

80 polly the Slasher (level 4, -2/33 HPs)
             Began as a Demonspawn Gladiator on Feb 19, 2017.
             Slain by a worm (4 damage)
             ... on level 2 of the Dungeon.
             The game lasted 00:01:30 (1334 turns).

polly the Slasher (Demonspawn Gladiator)            Turns: 1334, Time: 00:01:31

Health: -2/33      AC: 11    Str: 15    XL:     4   Next: 18%
Magic:  4/4        EV:  5    Int: 10    God:
Gold:   41         SH:  0    Dex: 14    Spells: 3/3 levels left

rFire    . . .     SeeInvis .   a - +0 long sword
rCold    . . .     Gourm    .   n - +0 plate armour
rNeg     . . .     Faith    .   (no shield)
rPois    .         Spirit   .   c - +0 helmet
rElec    .         Reflect  .   (no cloak)
rCorr    .         Harm     .   (no gloves)
MR       .....                  (no boots)
Stlth    ..........             (no amulet)
Regen    0.2/turn               (no ring)
MPRegen  0.1/turn               (no ring)

@: lethally poisoned (-2 -> -3)
A: claws 1, talons 1, powered by pain 1
a: no special abilities


You were on level 2 of the Dungeon.
You were hungry.

You visited 1 branch of the dungeon, and saw 2 of its levels.

You collected 41 gold pieces.

Inventory:

Hand Weapons
 a - a +0 long sword (weapon)
Missiles
 d - 3 throwing nets (quivered)
Armour
 c - a +0 helmet (worn)
 n - a +0 plate armour (worn)
Scrolls
 g - a scroll of enchant weapon {unknown}
 i - a scroll of identify {unknown}
 l - a scroll of enchant armour {unknown}
 m - 2 scrolls of teleportation {unknown}
 p - a scroll of remove curse {unknown}
Potions
 b - 2 potions of flight {unknown}
 e - a potion of agility {unknown}
 h - a potion of brilliance {unknown}
 j - a potion of heal wounds {unknown}
 o - a potion of mutation {unknown}
Comestibles
 f - 2 bread rations
 k - 3 royal jellies


   Skills:
 + Level 2.2 Fighting
 + Level 3.6 Long Blades
 + Level 2.0 Throwing
 + Level 0.8 Armour
 + Level 3.4 Dodging
 + Level 0.2 Stealth


You had 3 spell levels left.
You didn't know any spells.

Dungeon Overview and Level Annotations

Branches:
Dungeon (2/15)

Altars:
Xom


Innate Abilities, Weirdness & Mutations

You have sharp fingernails.
You have sharp toenails.
You sometimes gain a little power by taking damage.


Message History

The worm is heavily wounded.
You hit the worm.
The worm is severely wounded.
You feel sick. The worm bites you.
* * * LOW HITPOINT WARNING * * *
You barely miss the worm. You claw the worm, but do no damage.
The worm is heavily wounded.
The worm barely misses you.
You hit the worm but do no damage.
The worm is heavily wounded.
The worm bites you.
* * * LOW HITPOINT WARNING * * *
You barely miss the worm. You claw the worm, but do no damage.
The worm is heavily wounded.
Your plate armour prevents you from hitting the worm.
You claw the worm, but do no damage.
The worm is heavily wounded.
* * * LOW HITPOINT WARNING * * *
You feel sick. The worm bites you.
You die...

#..##
#....##.#####.##
_#.....## ##.##
#....#........#
.##.[..# ...#
#(......#######
...###### ####
######...###..#
...##
#............#.....#
#.......##.###.$)..#
#.......####....8...
#..<...###......#
#......'@w....8##
##########......#
###....8.. ###.....#
.....# #...## ...#


You could see a worm.

Vanquished Creatures
  4 adders (D:2)
  2 dart slugs (D:2)
  A ball python (D:2)
  7 bats
  5 giant cockroaches
  6 goblins
  3 hobgoblins
  5 kobolds
  4 rats (D:1)
37 creatures vanquished.

Notes
Turn   | Place    | Note
-------+----------+-------------------------------------------
     0 | D:1      | polly the Demonspawn Gladiator began the quest for the Orb.
     0 | D:1      | Reached XP level 1. HP: 16/16 MP: 1/1
   141 | D:1      | Gained mutation: You sometimes gain a little power by taking damage. [demonic ancestry]
   141 | D:1      | Reached XP level 2. HP: 21/22 MP: 2/2
   614 | D:2      | Gained mutation: You have sharp fingernails. [demonic ancestry]
   614 | D:2      | Reached XP level 3. HP: 9/27 MP: 3/3
  1211 | D:2      | Gained mutation: You have sharp toenails. [demonic ancestry]
  1211 | D:2      | Reached XP level 4. HP: 20/33 MP: 4/4
  1301 | D:2      | Found a shimmering altar of Xom.
  1334 | D:2      | Slain by a worm

Vault maps used:
D:1:      elethiomel_arrival_diamonds
D:2:      minmay_overflow_temple_star_quad,
          chequers_ecumenical_altar_simple_redux, minivault_19

Skill      XL: |  1  2 |
---------------+-------+-----
Dodging        | 3 |  3.4
Long Blades    | 3 |  3.6
Throwing       | 2 |  2.0
Fighting       | |  2.2
Armour         | |  0.8
Stealth        | |  0.2

Action                   |  1- 3 |  4- 6 || total
-------------------------+-------+-------++-------
Melee: Long sword        |    99 |    29 ||   128
       Kick              |       |     7 ||     7
  Eat: Chunk             |       |     1 ||     1
Armor: Leather armour    |    44 |       ||    44
       Plate armour      |    42 |    27 ||    69
Dodge: Dodged            |   102 |    15 ||   117
       Rpst.: Long sword |    30 |     5 ||    35
